CAR
CAROLINA MUDCATS @ LYNCHBURG HILLCATS
07/23/2099
 
TOP OF THE 1ST
Carolina Mudcats batting - Pitching for Lynchburg Hillcats : RHP Juan Benitez
Pitching: RHP Juan Benitez
Batting: RHB Luiz Innis 0-0: Ball
1-0: Ground out 6-3 (Groundball, 6, EV 88.1 MPH)
Batting: RHB Jason Campbell 0-0: Called Strike
0-1: Ball
1-1: Ball
2-1: Ball
3-1: Base on Balls
Batting: SHB Josh St. Pierre 0-0: Called Strike
0-1: Ball
1-1: Swinging Strike
1-2: Strikes out looking
Batting: RHB Gilberto Flores 0-0: Fielders Choice at 2nd, 5-4 (Groundball, 5, EV 110.6 MPH)
Top of the 1st over - 0 runs, 0 hits, 0 errors, 1 left on base; Carolina 0 - Lynchburg 0
BOTTOM OF THE 1ST
Lynchburg Hillcats batting - Pitching for Carolina Mudcats : RHP Marc Anderson
Pitching: RHP Marc Anderson
Batting: SHB Ricky Garnica 0-0: Ball
1-0: Called Strike
1-1: Called Strike
1-2: Ground out 4-3 (Groundball, 34, EV 100.6 MPH)
Batting: RHB Brett Evans 0-0: Swinging Strike
0-1: Ball
1-1: Ground out 5-3 (Groundball, 56, EV 107.5 MPH)
Batting: LHB Chris Shuford 0-0: Called Strike
0-1: Called Strike
0-2: Ball
1-2: Ball
2-2: Foul Ball, location: 9LMF
2-2: Ball
3-2: SINGLE (Groundball, 6MD, EV 108.8 MPH)
Batting: RHB John Straub 0-0: Called Strike
0-1: Fly out, F9 (Line Drive, 9S, EV 108.8 MPH)
Bottom of the 1st over - 0 runs, 1 hit, 0 errors, 1 left on base; Carolina 0 - Lynchburg 0
TOP OF THE 2ND
Carolina Mudcats batting - Pitching for Lynchburg Hillcats : RHP Juan Benitez
Batting: LHB Agustin Arroyo 0-0: Called Strike
0-1: Swinging Strike
0-2: Strikes out looking
Batting: RHB Ronnie Lambert 0-0: Ball
1-0: Called Strike
1-1: Called Strike
1-2: Foul Ball, location: 9LMF
1-2: Strikes out swinging
Batting: SHB Steve Bachleitner 0-0: Ball
1-0: Swinging Strike
1-1: Ball
2-1: Ball
3-1: Hit by Pitch
Batting: RHB Ed Morales 0-0: Called Strike
0-1: Ball
1-1: Foul Ball, location: 7LDF
1-2: Ball
2-2: Fly out, F3 (Popup, 3SF, EV 78.1 MPH)
Top of the 2nd over - 0 runs, 0 hits, 0 errors, 1 left on base; Carolina 0 - Lynchburg 0
BOTTOM OF THE 2ND
Lynchburg Hillcats batting - Pitching for Carolina Mudcats : RHP Marc Anderson
Batting: RHB Marco Longoria 0-0: Called Strike
0-1: Ball
1-1: Foul Ball, location: 5FF
1-2: Strikes out swinging
Batting: RHB Evan Haley 0-0: Called Strike
0-1: Called Strike
0-2: Ball
1-2: Foul Ball, location: 3SF
1-2: Foul Ball, location: 2F
1-2: Ball
2-2: Ball
3-2: Base on Balls
Batting: RHB Josh Redding 0-0: Called Strike
0-1: Called Strike
0-2: Strikes out looking
Batting: SHB Brian Ketterer 0-0: Called Strike
0-1: Swinging Strike
0-2: Fly out, F9 (Flyball, 9S, EV 91.3 MPH)
Bottom of the 2nd over - 0 runs, 0 hits, 0 errors, 1 left on base; Carolina 0 - Lynchburg 0
TOP OF THE 3RD
Carolina Mudcats batting - Pitching for Lynchburg Hillcats : RHP Juan Benitez
Batting: RHB Ignacio Arreola 0-0: Ball
1-0: Called Strike
1-1: Ball
2-1: Swinging Strike
2-2: Foul Ball, location: 3F
2-2: Strikes out looking
Batting: RHB Luiz Innis 0-0: Ball
1-0: Called Strike
1-1: Fly out, F9 (Flyball, 9D, EV 81.3 MPH)
Batting: RHB Jason Campbell 0-0: Called Strike
0-1: SINGLE (Line Drive, 89S, EV 98.1 MPH)
Batting: SHB Josh St. Pierre 0-0: Ball
1-0: Called Strike
1-1: Foul Ball, location: 9LDF
1-2: Ball
2-2: Strikes out looking
Top of the 3rd over - 0 runs, 1 hit, 0 errors, 1 left on base; Carolina 0 - Lynchburg 0
BOTTOM OF THE 3RD
Lynchburg Hillcats batting - Pitching for Carolina Mudcats : RHP Marc Anderson
Batting: RHB Adam Nimmo 0-0: Foul Ball, location: 5FF
0-1: Ball
1-1: Called Strike
1-2: Foul Ball, location: 2F
1-2: SINGLE (Flyball, 34D, EV 91.9 MPH)
Batting: SHB Ricky Garnica 0-0: Fly out, F8 (Flyball, 8RM, EV 99.4 MPH)
Batting: RHB Brett Evans 0-0: Foul Ball, location: 5SF
0-1: Ball
1-1: Ball
2-1: Called Strike
2-2: Fly out, F9 (Flyball, 9LS, EV 86.3 MPH)
Batting: LHB Chris Shuford 0-0: Called Strike
0-1: Ground out 1-3 (Groundball, 13, EV 64.4 MPH)
Bottom of the 3rd over - 0 runs, 1 hit, 0 errors, 1 left on base; Carolina 0 - Lynchburg 0
TOP OF THE 4TH
Carolina Mudcats batting - Pitching for Lynchburg Hillcats : RHP Juan Benitez
Batting: RHB Gilberto Flores 0-0: Swinging Strike
0-1: Foul Ball, location: 25F
0-2: Ball
1-2: Foul Ball, location: 5FF
1-2: Strikes out swinging
Batting: LHB Agustin Arroyo 0-0: Foul Ball, location: 2F
0-1: Swinging Strike
0-2: Strikes out swinging
Batting: RHB Ronnie Lambert 0-0: Fly out, F8 (Flyball, 8LS, EV 93.1 MPH)
Top of the 4th over - 0 runs, 0 hits, 0 errors, 0 left on base; Carolina 0 - Lynchburg 0
BOTTOM OF THE 4TH
Lynchburg Hillcats batting - Pitching for Carolina Mudcats : RHP Marc Anderson
Batting: RHB John Straub 0-0: Fly out, F7 (Flyball, 78D, EV 98.8 MPH)
Batting: RHB Marco Longoria 0-0: Called Strike
0-1: Ball
1-1: Hit by Pitch
Batting: RHB Evan Haley 0-0: Foul Ball, location: 25FF
0-1: Foul Ball, location: 5FF
0-2: Ball
1-2: Fielders Choice at 2nd, 6-4 (Groundball, 6, EV 101.9 MPH)
Batting: RHB Josh Redding 0-0: Foul Ball, location: 2F
0-1: Swinging Strike
0-2: Strikes out looking
Bottom of the 4th over - 0 runs, 0 hits, 0 errors, 1 left on base; Carolina 0 - Lynchburg 0
TOP OF THE 5TH
Carolina Mudcats batting - Pitching for Lynchburg Hillcats : RHP Juan Benitez
Batting: SHB Steve Bachleitner 0-0: Called Strike
0-1: Foul Ball, location: 5F
0-2: Strikes out swinging
Batting: RHB Ed Morales 0-0: Swinging Strike
0-1: Swinging Strike
0-2: Strikes out swinging
Batting: RHB Ignacio Arreola 0-0: Swinging Strike
0-1: SINGLE (Line Drive, 9S, EV 98.1 MPH)
Batting: RHB Luiz Innis 0-0: Called Strike
0-1: Called Strike
0-2: Strikes out swinging
Top of the 5th over - 0 runs, 1 hit, 0 errors, 1 left on base; Carolina 0 - Lynchburg 0
BOTTOM OF THE 5TH
Lynchburg Hillcats batting - Pitching for Carolina Mudcats : RHP Marc Anderson
Batting: SHB Brian Ketterer 0-0: Called Strike
0-1: Ball
1-1: Ball
2-1: Called Strike
2-2: Ball
3-2: Foul Ball, location: 5F
3-2: Base on Balls
Batting: RHB Adam Nimmo 0-0: Called Strike
0-1: Ball
1-1: Swinging Strike
1-2: Foul Ball, location: 25F
1-2: Ball
2-2: Foul Ball, location: 9LMF
2-2: Fly out, F9 (Flyball, 89S, EV 88.8 MPH)
Batting: SHB Ricky Garnica 0-0: Called Strike
0-1: Ball
1-1: Called Strike
1-2: Fly out, F2 (Popup, 2R, EV 94.4 MPH)
Batting: RHB Brett Evans 0-0: Ball
1-0: Called Strike
1-1: Fly out, F7 (Flyball, 7, EV 86.3 MPH)
Bottom of the 5th over - 0 runs, 0 hits, 0 errors, 1 left on base; Carolina 0 - Lynchburg 0
TOP OF THE 6TH
Carolina Mudcats batting - Pitching for Lynchburg Hillcats : RHP Juan Benitez
Batting: RHB Jason Campbell 0-0: Ball
1-0: Called Strike
1-1: Ball
2-1: SINGLE (Line Drive, 6D, EV 99.4 MPH)
Batting: SHB Josh St. Pierre 0-0: Called Strike
0-1: Swinging Strike
0-2: Ball
1-2: Ball
2-2: Foul Ball, location: 7LDF
2-2: Grounds into double play, 4-6-3 (Groundball, 4, EV 83.1 MPH)
Batting: RHB Gilberto Flores 0-0: Ball
1-0: Ball
2-0: Ground out 5-3 (Groundball, 56, EV 91.9 MPH)
Top of the 6th over - 0 runs, 1 hit, 0 errors, 0 left on base; Carolina 0 - Lynchburg 0
BOTTOM OF THE 6TH
Lynchburg Hillcats batting - Pitching for Carolina Mudcats : RHP Marc Anderson
Batting: LHB Chris Shuford 0-0: Ground out 6-3 (Groundball, 56, EV 105.6 MPH)
Batting: RHB John Straub 0-0: Ball
1-0: Ball
2-0: Ball
3-0: Base on Balls
Batting: RHB Marco Longoria Pickoff Throw to First - Out! 1-3
0-0: Foul Ball, location: 25FF
0-1: Ball
1-1: Foul Ball, location: 2F
1-2: Fly out, F6 (Popup, 6S, EV 73.1 MPH)
Bottom of the 6th over - 0 runs, 0 hits, 0 errors, 0 left on base; Carolina 0 - Lynchburg 0
TOP OF THE 7TH
Carolina Mudcats batting - Pitching for Lynchburg Hillcats : RHP Juan Benitez
Batting: LHB Agustin Arroyo 0-0: SINGLE (Groundball, 34D, EV 94.4 MPH)
Batting: RHB Ronnie Lambert 0-0: Ball
1-0: Fly out, F8 (Flyball, 8RM, EV 92.5 MPH)
Batting: SHB Steve Bachleitner 0-0: Swinging Strike
0-1: Ground out 5-3 (Groundball, 56S, EV 65.6 MPH)
Agustin Arroyo to second
Pinch Hitting: LHB Cesar Flores 0-0: Called Strike
0-1: SINGLE (Groundball, 6MD, EV 106.9 MPH)
Agustin Arroyo to third
Runner from 3rd tries for Home, SAFE, throw by CF to home
Cesar Flores to second
Pitching: RHP Adam Bolle
Batting: RHB Ignacio Arreola 0-0: Ball
1-0: Fly out, F7 (Line Drive, 7S, EV 93.8 MPH)
Top of the 7th over - 1 run, 2 hits, 0 errors, 1 left on base; Carolina 1 - Lynchburg 0
BOTTOM OF THE 7TH
Lynchburg Hillcats batting - Pitching for Carolina Mudcats : RHP Marc Anderson
Pitching: LHP Luis Cedillo
Now at 1B: Ronnie Lambert
Now at 3B: Henry Bedford
Now at SS: Pablo Castillo
Batting: RHB Evan Haley 0-0: Foul Ball, location: 2F
0-1: Called Strike
0-2: SINGLE (Line Drive, 6D, EV 95.0 MPH)
Batting: RHB Josh Redding 0-0: Ball
1-0: SINGLE (Flyball, 8LS, EV 97.5 MPH)
Evan Haley to second
Batting: RHB Wilson Cruz 0-0: Foul Ball, location: 9LSF
0-1: Ball
1-1: Foul Ball, location: 2F
1-2: Strikes out looking
Batting: RHB Adam Nimmo 0-0: Ball
1-0: Called Strike
1-1: Swinging Strike
1-2: Strikes out swinging
Batting: SHB Ricky Garnica 0-0: Swinging Strike
0-1: Foul Ball, location: 9LSF
0-2: Ball
1-2: Ball
2-2: DOUBLE (Groundball, 5L, EV 101.9 MPH)
Evan Haley scores
Josh Redding to third
Runner from 3rd tries for Home, SAFE, throw by LF to home
Batting: RHB Brett Evans 0-0: Foul Ball, location: 2F
0-1: Ball
1-1: Swinging Strike
1-2: Strikes out looking
Bottom of the 7th over - 2 runs, 3 hits, 0 errors, 1 left on base; Carolina 1 - Lynchburg 2
TOP OF THE 8TH
Carolina Mudcats batting - Pitching for Lynchburg Hillcats : RHP Adam Bolle
Batting: RHB Luiz Innis 0-0: Ball
1-0: Swinging Strike
1-1: Ball
2-1: Called Strike
2-2: SINGLE (Groundball, 5D, EV 97.5 MPH)
Batting: RHB Jason Campbell 0-0: Fly out, F3 (Popup, 23, EV 81.3 MPH)
Pinch Hitting: RHB Omar Perez 0-0: Called Strike
0-1: Fly out, F9 (Flyball, 89D, EV 103.8 MPH)
Batting: RHB Gilberto Flores 0-0: Ball
1-0: Ball
2-0: Called Strike
2-1: Foul Ball, location: 9LSF
2-2: Foul Ball, location: 2F
2-2: Foul Ball, location: 3F
2-2: Foul Ball, location: 2F
2-2: Foul Ball, location: 9LDF
2-2: Foul Ball, location: 23F
2-2: Hit by Pitch
Luiz Innis to second
Batting: LHB Agustin Arroyo 0-0: Called Strike
0-1: Swinging Strike
0-2: Ball
1-2: Ball
2-2: Strikes out swinging
Top of the 8th over - 0 runs, 1 hit, 0 errors, 2 left on base; Carolina 1 - Lynchburg 2
BOTTOM OF THE 8TH
Lynchburg Hillcats batting - Pitching for Carolina Mudcats : LHP Luis Cedillo
Now at 2B: Omar Perez
Now at SS: Jason Campbell
Batting: LHB Chris Shuford 0-0: Ground out 6-3 (Groundball, 6, EV 85.6 MPH)
Batting: RHB John Straub 0-0: Called Strike
0-1: Fly out, F8 (Flyball, 8LD, EV 110.6 MPH)
Batting: RHB Marco Longoria 0-0: Called Strike
0-1: Called Strike
0-2: Ball
1-2: Strikes out swinging
Bottom of the 8th over - 0 runs, 0 hits, 0 errors, 0 left on base; Carolina 1 - Lynchburg 2
TOP OF THE 9TH
Carolina Mudcats batting - Pitching for Lynchburg Hillcats : RHP Adam Bolle
Batting: RHB Ronnie Lambert 0-0: Called Strike
0-1: Swinging Strike
0-2: Strikes out swinging
Batting: SHB Steve Bachleitner 0-0: Called Strike
0-1: Ball
1-1: Ball
2-1: Foul Ball, location: 5FF
2-2: Foul Ball, location: 5FF
2-2: Fly out, F9 (Flyball, 9, EV 79.4 MPH)
Batting: RHB Henry Bedford 0-0: Ground out 4-3 (Groundball, 4, EV 91.3 MPH)
Top of the 9th over - 0 runs, 0 hits, 0 errors, 0 left on base; Carolina 1 - Lynchburg 2
Sunday, May 12th , 2024 - OOTP Baseball 24.11 Build 85